 Dungeon Crawl Stone Soup version 0.26-a0-490-gf8362a0c98 (webtiles) character file.

Game seed: 2269228516693648007

171 Devinter the Sneak (level 5, -7/32 HPs)
             Began as a Kobold Brigand on Aug 4, 2020.
             Was an Initiate of Nemelex Xobeh.
             Mangled by Wulf's ghost (14 damage)
             ... on level 3 of the Dungeon.
             The game lasted 00:11:32 (2795 turns).

Devinter the Sneak (Kobold Brigand)                 Turns: 2795, Time: 00:11:33

Health: -7/32      AC:  5    Str:  8    XL:     5   Next: 81%
Magic:  7/7        EV: 16    Int: 13    God:    Nemelex Xobeh [......]
Gold:   132        SH:  0    Dex: 17    Spells: 4/4 levels left

rFire    + . .     SeeInvis .   a - +2 dagger
rCold    . . .     Faith    .   (shield restricted)
rNeg     . . .     Spirit   .   t - +2 robe {MR+}
rPois    .         Reflect  .   (no helmet)
rElec    .         Harm     .   c - +0 cloak
rCorr    .                      (no gloves)
MR       +....                  (no boots)
Stlth    ++++......             q - amulet of the acrobat (curse)
HPRegen  0.10/turn              m - ring of protection from fire
MPRegen  0.10/turn              (no ring)

@: no status effects
A: small, nightstalker 3
a: Draw Escape, Draw Destruction, Draw Summoning, Renounce Religion


You were on level 3 of the Dungeon.
You worshipped Nemelex Xobeh.
Nemelex Xobeh was noncommittal.
You visited 1 branch of the dungeon, and saw 3 of its levels.

You collected 132 gold pieces.

Inventory:

Hand Weapons
 a - a +2 dagger (weapon)
Missiles
 d - 7 poisoned darts (quivered)
 e - 2 curare-tipped darts
 k - 5 atropa-tipped darts
 o - 56 arrows
 s - 22 bolts
Armour
 c - a +0 cloak (worn)
 t - a +2 robe of magic resistance (worn)
Jewellery
 m - a ring of protection from fire (left hand)
 q - a cursed amulet of the acrobat (around neck)
Scrolls
 f - a scroll of identify
 g - 2 scrolls of immolation {unknown}
 h - a scroll of enchant weapon {unknown}
 j - 2 scrolls of remove curse
 l - 2 scrolls of teleportation {unknown}
Potions
 b - 2 potions of brilliance {unknown}
 i - a potion of degeneration {unknown}
 n - a potion of stabbing {unknown}
 p - a potion of flight {unknown}
 r - a potion of cancellation {unknown}


   Skills:
 - Level 3.0 Fighting
 - Level 3.0 Short Blades
 - Level 3.0 Throwing
 - Level 3.0 Dodging
 - Level 6.0 Stealth
 + Level 3.1 Invocations


You had 4 spell levels left.
You didn't know any spells.
Your spell library was empty.

Dungeon Overview and Level Annotations

Branches:
Dungeon (3/15)

Altars:
Gozag
Nemelex Xobeh
Sif Muna
Xom

Annotations:
D:3 Wulf's ghost, amateur MiFi


Innate Abilities, Weirdness & Mutations

You are small and have problems with some larger weapons.
You are completely attuned to the shadows.


Message History

Wulf's ghost barely misses you.
You hit Wulf's ghost but do no damage.
Wulf's ghost is almost destroyed.
Wulf's ghost hits you.
You hit Wulf's ghost but do no damage.
Wulf's ghost is almost destroyed.
Wulf's ghost closely misses you.
You hit Wulf's ghost but do no damage.
Wulf's ghost is almost destroyed.
The worm barely misses you.
Wulf's ghost whispers, "Soon you will have time, lots of time..."
Wulf's ghost hits you!
* * * LOW HITPOINT WARNING * * *
Unknown command.
You see here a ring mail.
You draw a card...
You have drawn the Pentagram.
The deck of cards glows slightly and disappears.
The worm barely misses your rust devil. Wulf's ghost hits you!
You die...
Your body disappears without a glow.

.... ......
....
######.#####
#....h##.8.##
#..@W.#.$...#
#...4.'$$.$8#
#....w'$_8.∩#
#.....'$.$.8#
..#...#.$.$∩#
#.#.#.##∩8.##
#.<..###
######


You could see a worm, Wulf's ghost, a friendly rust devil (summoned) and a
friendly hell hound (summoned).

Vanquished Creatures
  Jessica (D:2)
  Natasha (twice) (D:2)
  4 adders (D:2)
  2 oozes (D:2)
  A worm (D:2)
  A dart slug (D:2)
  A leopard gecko (D:1)
  An orc (D:2)
  4 bats
  4 giant cockroaches
  7 goblins
  5 hobgoblins
  4 frilled lizards
  7 kobolds
  7 rats
51 creatures vanquished.

Notes
Turn   | Place    | Note
-------+----------+-------------------------------------------
     0 | D:1      | Devinter the Kobold Brigand began the quest for the Orb.
     0 | D:1      | Reached XP level 1. HP: 12/12 MP: 1/1
   192 | D:1      | Reached XP level 2. HP: 18/18 MP: 2/2
   357 | D:1      | Reached skill level 3 in Short Blades
   584 | D:1      | Reached XP level 3. HP: 22/22 MP: 3/3
  1208 | D:2      | Found a sparkling altar of Nemelex Xobeh.
  1220 | D:2      | Reached skill level 2 in Dodging
  1225 | D:2      | Became a worshipper of Nemelex Xobeh the Trickster
  1249 | D:2      | Received a gift from Nemelex Xobeh
  1408 | D:2      | Reached XP level 4. HP: 27/27 MP: 4/4
  1437 | D:2      | Reached skill level 6 in Stealth
  1503 | D:2      | Reached skill level 3 in Fighting
  1503 | D:2      | Reached skill level 3 in Throwing
  1824 | D:2      | Found a shimmering altar of Xom.
  2082 | D:2      | Reached skill level 3 in Dodging
  2143 | D:2      | Noticed Natasha
  2157 | D:2      | Killed Natasha
  2157 | D:2      | Reached skill level 1 in Invocations
  2157 | D:2      | Reached XP level 5. HP: 22/32 MP: 4/6
  2387 | D:2      | Noticed Jessica
  2416 | D:2      | Killed Jessica
  2416 | D:2      | Reached skill level 2 in Invocations
  2639 | D:2      | Noticed Natasha
  2655 | D:2      | Killed Natasha
  2655 | D:2      | Reached skill level 3 in Invocations
  2725 | D:2      | Found a shimmering blue altar of Sif Muna.
  2763 | D:3      | Found a runed translucent gate.
  2763 | D:3      | Found a runed translucent gate.
  2763 | D:3      | Found an opulent altar of Gozag.
  2764 | D:3      | Found a runed translucent gate.
  2776 | D:3      | Noticed Wulf's ghost (amateur MiFi)
  2795 | D:3      | Mangled by Wulf's ghost

Illustrated notes

Levels and vault maps discovered:
D:1:      grunt_arrival_lava_bath, layout_basic, kennysheep_another_room,
          minmay_misc_feat_room, minmay_misc_feat_ornament
D:2:      minmay_skewed_foursquare, layout_basic, lemuel_doored_altar,
          lemuel_coloured_pillars_altar, columned_hall_lemuel,
          minmay_misc_feat_rows, nemelex_dance_club_becter, uniq_jessica,
          uniq_natasha
D:3:      layout_basic, ebering_ghost_gozag

Skill      XL: |  1  2  3  4  5 |
---------------+----------------+-----
Short Blades   | 3 |  3.0
Dodging        | 2 3 |  3.0
Stealth        | 6 |  6.0
Fighting       | 3 |  3.0
Throwing       | 3 |  3.0
Invocations    | 1 3 |  3.1

Action                   |  1- 3 |  4- 6 || total
-------------------------+-------+-------++-------
Melee: Dagger            |    45 |   120 ||   165
Throw: Dart              |       |     8 ||     8
Invok: Draw Destruction  |       |     3 ||     3
       Draw Summoning    |       |     1 ||     1
  Use: Scroll            |       |     2 ||     2
 Stab: Sleeping          |    23 |     9 ||    32
Armor: Robe              |     6 |    11 ||    17
Dodge: Dodged            |    10 |    57 ||    67

Table legend: (Time is in decaauts)
 A = Elapsed time spent in this place.
 B = Non-inter-level travel time spent in this place.
 C = Inter-level travel time spent in this place.
 D = Time resting spent in this place.
 E = Time spent auto-exploring this place.
 F = Levels seen in this place.
 G = Mean time per level.
                   A        B        C        D        E       F      G
               +--------+--------+--------+--------+--------+-----+--------+
         Total |   2774 |   2703 |     71 |    165 |   1351 |   3 |  924.7 |
       Dungeon |   2774 |   2703 |     71 |    165 |   1351 |   3 |  924.7 |
               +--------+--------+--------+--------+--------+-----+--------+

Top non-repeatable levels by time:
     D:2: 1573 daAuts
     D:1: 1169 daAuts
     D:3: 30 daAuts
